 Dungeon Crawl Stone Soup version 0.31-a0-1576-ga3383bade6 (webtiles) character file.

Game seed: 13761242666983155866

1005 Curundu the Chopper (level 8, 0/64 HPs)
             Began as a Minotaur Berserker on Jan 4, 2024.
             Was a Priest of Trog.
             Succumbed to a scorpion's poison
             ... on level 5 of the Dungeon.
             The game lasted 00:15:54 (4162 turns).

Curundu the Chopper (Minotaur Berserker)            Turns: 4162, Time: 00:15:54

Health: 0/64       AC:  8    Str: 23 (24) XL:     8   Next: 0%
Magic:  7/7        EV: 11    Int:  1 (4)  God:    Trog [***...]
Gold:   300        SH:  0    Dex:  7 (10) Spells: 7/7 levels left

rFire   . . .        a - +0 falchion
rCold   . . .        (no shield)
rNeg    . . .        p - +0 ring mail
rPois   .            (helmet restricted)
rElec   .            b - +0 cloak
rCorr   .            (no gloves)
SInv    .            j - +1 pair of boots
Will    .....        (no amulet) Stlth
                     (no ring)
HPRegen 0.30/turn    (no ring)
MPRegen 0.10/turn

%: no passive effects
@: lethally poisoned (0 -> -2), studying Maces & Flails
A: horns 2, retaliatory headbutt
a: Renounce Religion, Berserk, Trog's Hand


You were on level 5 of the Dungeon.
You worshipped Trog.
Trog was most pleased with you.
You visited 1 branch of the dungeon, and saw 5 of its levels.

You collected 300 gold pieces.

Inventory:

Hand Weapons
 a - a +0 falchion (weapon)
Missiles
 e - 3 poisoned darts
 h - 5 boomerangs
 s - 2 throwing nets
Armour
 b - a +0 cloak (worn)
 j - a +1 pair of boots (worn)
 p - a +0 ring mail (worn)
Jewellery
 o - a ring of magical power
 t - an amulet of magic regeneration
Wands
 r - a wand of iceblast (6)
Scrolls
 c - a scroll of teleportation
 d - a scroll of vulnerability {unknown}
 f - 2 scrolls of amnesia
 g - 2 scrolls of fear {unknown}
 i - a scroll of silence {unknown}
 l - a scroll of summoning {unknown}
Potions
 k - 2 potions of lignification
 m - a potion of cancellation
 q - a potion of might {unknown}
 u - a potion of degeneration
 v - a potion of invisibility {unknown}


   Skills:
 - Level 3.6 Fighting
 - Level 3.6 Long Blades
 + Level 7.7 Axes
 - Level 2.4 Armour
 - Level 2.1 Dodging
 + Level 7.6 Shields


You had 7 spell levels left.
You didn't know any spells.
Your spell library was empty.

Dungeon Overview and Level Annotations

Branches:
Dungeon (5/15)
 Temple: D:4-7

Altars:
Uskayaw
Vehumet
Wu Jian

Shops:
D:2 ?


Innate Abilities, Weirdness & Mutations

You have a pair of horns on your head.
You reflexively headbutt those who attack you in melee.


Message History

The scorpion is severely wounded.
The scorpion barely misses you. You furiously retaliate!
You headbutt the scorpion. The scorpion stings you.
* * * LOW HITPOINT WARNING * * *
You are poisoned.
The scorpion poisons you!
You hit the scorpion.
The scorpion is almost dead.
You feel very sick. The scorpion stings you.
* * * LOW HITPOINT WARNING * * *
You hit the scorpion.
You kill the scorpion!
Trog accepts your kill.
You feel very sick. The dart slug launches a dart at you.
The slug dart hits you.
* * * LOW HITPOINT WARNING * * *
You have reached level 8!
You feel stronger.
It was a potion of degeneration.
There was something very wrong with that liquid.
You feel weakened.
You feel dopey.
You feel clumsy.
* * * LOW HITPOINT WARNING * * *
You feel sick.
Found an escape hatch in the floor.
* * * LOW HITPOINT WARNING * * *
You feel sick. The dart slug launches a dart at you.
The slug dart hits you but does no damage.
Items here: ))) [ †††.
You hit the dart slug but do no damage. Your headbutt misses the dart slug.
You punch the dart slug.
The dart slug is heavily wounded.
* * * LOW HITPOINT WARNING * * *
You feel sick.
The dart slug bites you but does no damage.
You hit the dart slug.
The dart slug is severely wounded.
You die...

...> .... .....
..... ......
########. ......#
#........ #...####
#........
#w@..#####........
####).............
.. #.....#........
#.###.####†........
[.......##........#
...........########
..........##
..........#
....%.....#


You could see a dart slug.

Vanquished Creatures
  The ghost of SovietPaperclip the Sneak, an amateur OpEE (D:3)
  Sigmund (D:3)
  A water moccasin (D:5)
  A black bear (D:4)
  2 scorpions (D:5)
  A bombardier beetle (D:5)
  A jelly (D:4)
  Crazy Yiuf (D:2)
  An orc priest (D:5)
  A hound (D:4)
  Ijyb (D:3)
  Natasha (twice) (D:2)
  5 adders
  A shadow imp (D:4)
  A ribbon worm (D:2)
  2 dart slugs
  7 orcs
  7 ball pythons
  6 endoplasms
  4 giant cockroaches
  4 goblins
  9 hobgoblins
  11 jackals
  11 kobolds
  4 quokkas
  A bat (D:2)
  5 frilled lizards
  6 rats
98 creatures vanquished.

Notes
Turn   | Place    | Note
-------+----------+-------------------------------------------
     0 | D:1      | Curundu the Minotaur Berserker began the quest for the Orb.
     0 | D:1      | Reached XP level 1. HP: 19/19 MP: 0/0
   117 | D:1      | Reached skill level 1 in Axes
   117 | D:1      | Reached skill level 1 in Shields
   167 | D:1      | Reached XP level 2. HP: 26/26 MP: 1/1
   302 | D:1      | Found a faded altar of an unknown god.
   663 | D:2      | Reached ** piety under Trog
   758 | D:2      | Reached XP level 3. HP: 31/31 MP: 2/2
  1162 | D:2      | Reached XP level 4. HP: 9/39 MP: 3/3
  1277 | D:2      | Found The Oracle's Delphic Readings.
  1470 | D:2      | Found a hide-covered altar of Uskayaw.
  1552 | D:2      | Found a runed translucent door.
  1553 | D:2      | Noticed Crazy Yiuf
  1606 | D:2      | Killed Crazy Yiuf
  1733 | D:3      | Noticed Natasha
  1733 | D:3      | Noticed Sigmund
  1745 | D:2      | Killed Natasha
  1786 | D:2      | Noticed Natasha
  1795 | D:2      | Killed Natasha
  1796 | D:2      | Reached XP level 5. HP: 29/45 MP: 4/4
  1873 | D:3      | Killed Sigmund
  1874 | D:3      | Reached skill level 5 in Axes
  1874 | D:3      | Reached skill level 5 in Shields
  1874 | D:3      | Reached XP level 6. HP: 51/51 MP: 5/5
  1926 | D:3      | Noticed Ijyb
  1929 | D:3      | Noticed SovietPaperclip's ghost (amateur OpEE)
  1940 | D:3      | Killed Ijyb
  2067 | D:3      | Found a runed translucent door.
  2073 | D:3      | Found an ornate altar of the Wu Jian Council.
  2489 | D:3      | Killed SovietPaperclip's ghost
  2536 | D:3      | Identified a scroll of acquirement
  2536 | D:3      | Acquired a manual of Maces & Flails
  2566 | D:4      | Reached XP level 7. HP: 53/57 MP: 6/6
  2857 | D:4      | Reached *** piety under Trog
  3057 | D:4      | Found a radiant altar of Vehumet.
  4031 | D:5      | Entered Level 5 of the Dungeon
  4159 | D:5      | Reached XP level 8. HP: 4/64 MP: 7/7
  4159 | D:5      | HP: 3/64 [poisoned by a scorpion]
  4161 | D:5      | HP: 1/64 [poisoned by a scorpion]
  4162 | D:5      | Succumbed to a scorpion's poison

Illustrated notes

Levels and vault maps discovered:
D:1:      dpeg_arrival_boxorama, layout_rooms,
          dilly_ecumenical_altar_fadedgnrine
D:2:      layout_loops_ring, basic_altar, nicolae_nh_oracle_at_delphi,
          uniq_crazy_yiuf_cottage
D:3:      layout_rooms, nicolae_wu_jian_wuxing_cycle,
          hellmonk_ghost_happy_afterlife, minmay_statues_item, uniq_ijyb,
          uniq_natasha, uniq_sigmund
D:4:      minmay_door_path, layout_layer_cave, general_overflow_altar,
          roderic_lattice_a, st_stairs_10
D:5:      layout_rooms, minmay_misc_feat_rows, uniq_edmund

Skill      XL: |  1  2  3  4  5  6  7 |
---------------+----------------------+-----
Axes           | 1 2 3 4 5 6 7 |  7.7
Shields        | 1 2 3 5 6 7 |  7.6
Fighting       | |  3.6
Long Blades    | |  3.6
Armour         | |  2.4
Dodging        | |  2.1

Action                     |  1- 3 |  4- 6 |  7- 9 || total
---------------------------+-------+-------+-------++-------
  Melee: Falchion          |    96 |    49 |   111 ||   256
         Headbutt          |    17 |    12 |    12 ||    41
         Punch             |       |     1 |     4 ||     5
 Invoke: Berserk           |       |     4 |       ||     4
    Use: Scroll            |       |    10 |       ||    10
         Potion            |       |       |     1 ||     1
 Armour: Animal skin       |    63 |       |       ||    63
         Ring mail         |       |    37 |   106 ||   143
  Dodge: Dodged            |    66 |    46 |    95 ||   207

Table legend: (Time is in decaauts)
 A = Elapsed time spent in this place.
 B = Non-inter-level travel time spent in this place.
 C = Inter-level travel time spent in this place.
 D = Time resting spent in this place.
 E = Time spent auto-exploring this place.
 F = Levels seen in this place.
 G = Mean time per level.
                   A        B        C        D        E       F      G
               +--------+--------+--------+--------+--------+-----+--------+
         Total |   4231 |   4231 |      0 |    299 |   2728 |   5 |  846.2 |
       Dungeon |   4231 |   4231 |      0 |    299 |   2728 |   5 |  846.2 |
               +--------+--------+--------+--------+--------+-----+--------+

Top non-repeatable levels by time:
     D:4: 1492 daAuts
     D:2: 1251 daAuts
     D:3: 722 daAuts
     D:1: 629 daAuts
     D:5: 136 daAuts
